 Dungeon Crawl Stone Soup version 0.20.1-1-g8b1a95d (webtiles) character file.

1205 Fisto the Magician (level 8, -3/61 HPs)
             Began as a Purple Draconian Venom Mage on Nov 5, 2017.
             Was an Initiate of Gozag.
             Slain by Menkaure (19 damage)
             ... on level 5 of the Dungeon.
             The game lasted 01:16:26 (6355 turns).

Fisto the Magician (Purple Draconian Venom Mage)    Turns: 6355, Time: 01:16:26

Health: -3/61      AC:  7    Str: 12    XL:     8   Next: 21%
Magic:  17/17      EV: 13    Int: 17    God:    Gozag
Gold:   729        SH:  0    Dex: 11    Spells: 9/19 levels left

rFire    + . .     SeeInvis +   w - +4 dagger (holy)
rCold    x . .     Gourm    .   (no shield)
rNeg     . . .     Faith    .   (armour unavailable)
rPois    .         Spirit   .   (helmet restricted)
rElec    .         Reflect  .   (no cloak)
rCorr    .         Harm     .   (no gloves)
MR       +....                  p - +0 pair of boots
Stlth    ++........             (no amulet)
Regen    0.0/turn               d - ring of see invisible
MPRegen  0.2/turn               B - ring of fire

@: about to teleport
A: breathe power, unfitting armour, hooves 1, inhibited regeneration,
cold-blooded, AC +6
a: Breathe Dispelling Energy, Potion Petition, Call Merchant, Bribe Branch,
Renounce Religion


You were on level 5 of the Dungeon.
You worshipped Gozag.
Gozag was pleased with you.
You were full.

You visited 1 branch of the dungeon, and saw 5 of its levels.

You collected 759 gold pieces.
You paid 30 gold pieces to Gozag.

Inventory:

Hand Weapons
 c - a +0 dagger of venom
 w - a +4 dagger of holy wrath (weapon)
Missiles
 n - 39 poisoned needles
 r - 3 poisoned tomahawks (quivered)
Armour
 p - a +0 pair of boots (worn)
Jewellery
 d - a ring of see invisible (left hand)
 B - a ring of fire (right hand)
Wands
 v - a wand of flame (25/48)
Scrolls
 h - 3 scrolls of remove curse
 j - a scroll of noise
 s - a scroll of recharging {unknown}
 t - a scroll of teleportation
 u - a scroll of immolation {unknown}
 x - a scroll of enchant weapon {unknown}
 y - a scroll of fog {unknown}
 A - 2 scrolls of identify
Potions
 e - a potion of mutation
 f - 2 potions of curing
 g - a potion of invisibility
 i - a potion of heal wounds
 k - a potion of berserk rage {unknown}
 m - a potion of degeneration
 o - a potion of lignification {unknown}
 q - a potion of brilliance {unknown}
Books
 a - a Young Poisoner's Handbook

   Spells                             Type                      Level
   a - Sting                          Conjuration/Poison           1
   b - Poisonous Vapours              Poison/Air                   2
   c - Mephitic Cloud                 Conjuration/Poison/Air       3
   d - Olgreb's Toxic Radiance        Poison                       4
   e - Venom Bolt                     Conjuration/Poison           5
Comestibles
 b - 4 bread rations
 l - 2 royal jellies


   Skills:
 + Level 2.1 Fighting
 + Level 2.2 Short Blades
 + Level 3.5 Dodging
 + Level 2.8 Stealth
 + Level 6.2 Spellcasting
 + Level 3.1 Conjurations
 + Level 6.2 Poison Magic


You had 9 spell levels left.
You knew the following spells:

 Your Spells              Type           Power        Failure   Level  Hunger
a - Sting                 Conj/Pois      ###.         1%          1    None
b - Olgreb's Toxic Radia  Pois           ####....     10%         4    ####...
c - Venom Bolt            Conj/Pois      ###.......   45%         5    #####..


Dungeon Overview and Level Annotations

Branches:
Dungeon (5/15)
 Temple: D:4-7

Altars:
Ashenzari
Cheibriados
Fedhas
Gozag
Kikubaaqudgha
Trog
Vehumet

Annotations:
D:5 Menkaure


Innate Abilities, Weirdness & Mutations

You can breathe bolts of dispelling energy.
Your rich purple scales are hard. (AC +6)
You cannot fit into any form of body armour.
You are cold-blooded and may be slowed by cold attacks.
You have large cloven feet.
You do not regenerate when monsters are visible.


Message History

The orc wizard gestures at you while chanting.
The magic dart hits you!
Menkaure shouts!
The orc wizard is distracted by your gold.
The orc looks more healthy.
You feel a bit more experienced. Menkaure casts a spell at you.
You resist with significant effort.
The orc priest calls upon Beogh to heal the orc.
The orc's wounds heal themselves!
Menkaure mumbles some strange words.
Menkaure seems to speed up.
Menkaure hits you! Menkaure hits you! Menkaure hits you.
* * * LOW HITPOINT WARNING * * *
As you read the scroll of teleportation, it crumbles to dust.
You feel strangely unstable. Menkaure hits you!!
You die...
Your body crumbles into a pile of gold.

#.## ##.# ##.###.## ##.#.##
##..# ######## ##.######
#......# #.oo...# #.####.####
#.####o########
#......##.####.#.M.........#
#......#>#......@##.######.#
#.........###...###.# ##.#####
#......#####.....##.#####......#
#......## ##...###.##.........#
#.......# ##......##.##..###.#
###...#.# #.#######. #....#.#
###...# #.# #. #.##.#.# ##.##
##'## #. #[##.#.# #.# ##(..##
#.##.##.#.#


You could see Menkaure and an orc priest.

Vanquished Creatures
  Sigmund (D:5)
  Duvessa (D:5)
  Dowan (D:5)
  2 scorpions
  5 hounds
  7 orc wizards
  An orc priest (D:4)
  Natasha (D:3)
  An iguana (D:4)
  5 worker ants (D:4)
  A hound skeleton (D:5)
  Robin (D:2)
  8 adders
  A gnoll (D:4)
  An ooze (D:3)
  2 adder skeletons
  An adder zombie (D:5)
  3 dart slugs
  2 leopard geckos
  19 orcs
  A ball python (D:1)
  6 giant cockroaches
  8 hobgoblins (D:2)
  8 jackals
  A quokka (D:2)
  3 bats
  4 frilled lizards
  21 goblins
  9 kobolds
  A leopard gecko skeleton (D:5)
  6 rats
132 creatures vanquished.

Vanquished Creatures (others)
  A human (D:2)
1 creature vanquished.

Grand Total: 133 creatures vanquished

Notes
Turn   | Place    | Note
-------+----------+-------------------------------------------
     0 | D:1      | Fisto the Draconian Venom Mage began the quest for the Orb.
     0 | D:1      | Reached XP level 1. HP: 14/14 MP: 3/3
   425 | D:1      | Reached XP level 2. HP: 20/20 MP: 1/5
  1013 | D:2      | Reached XP level 3. HP: 17/26 MP: 4/6
  1504 | D:2      | Found an ancient bone altar of Kikubaaqudgha.
  1505 | D:2      | Noticed a human
  1508 | D:2      | Killed a human
  1543 | D:2      | Found an opulent altar of Gozag.
  1549 | D:2      | Became a worshipper of Gozag Ym Sagoz the Greedy
  1966 | D:2      | Noticed Robin
  1987 | D:2      | Reached XP level 4. HP: 30/33 MP: 4/7
  2017 | D:2      | Killed Robin
  2083 | D:2      | Learned a level 4 spell: Olgreb's Toxic Radiance
  2141 | D:2      | Found a blossoming altar of Fedhas.
  2298 | D:2      | Reached skill level 1 in Short Blades
  2333 | D:2      | Found a shattered altar of Ashenzari.
  2339 | D:2      | Found a snail-covered altar of Cheibriados.
  2339 | D:2      | Found a radiant altar of Vehumet.
  2376 | D:3      | Gained mutation: You do not regenerate when monsters are visible. [potion of mutation]
  2376 | D:3      | Gained mutation: You have large cloven feet. [potion of mutation]
  2863 | D:3      | Reached XP level 5. HP: 35/39 MP: 9/9
  3182 | D:3      | Noticed a moth of wrath
  3185 | D:3      | Noticed Natasha
  3197 | D:3      | Killed Natasha
  3209 | D:3      | Found a bloodstained altar of Trog.
  3395 | D:4      | Reached skill level 1 in Fighting
  3395 | D:4      | Reached XP level 6. HP: 23/47 MP: 10/10
  3563 | D:4      | Learned a level 5 spell: Venom Bolt
  4324 | D:4      | Reached skill level 5 in Poison Magic
  4324 | D:4      | Your scales start taking on a rich purple colour.
  4324 | D:4      | Reached XP level 7. HP: 52/53 MP: 9/13
  4714 | D:5      | Entered Level 5 of the Dungeon
  4801 | D:5      | Noticed Duvessa
  4801 | D:5      | Noticed Dowan
  4863 | D:5      | Noticed Sigmund
  4865 | D:5      | Noticed Menkaure
  5244 | D:5      | Killed Duvessa
  5244 | D:5      | Reached skill level 5 in Spellcasting
  5251 | D:5      | Killed Dowan
  6177 | D:5      | Killed Sigmund
  6177 | D:5      | Reached XP level 8. HP: 48/61 MP: 12/16
  6355 | D:5      | Slain by Menkaure

Skill      XL: |  1  2  3  4  5  6  7  8 |
---------------+-------------------------+-----
Dodging        | 2 3 |  3.5
Short Blades   | 1 2 |  2.2
Stealth        | 2 |  2.8
Conjurations   | 2 3 |  3.1
Poison Magic   | 4 5 6 |  6.2
Spellcasting   | 3 4 5 6 |  6.2
Fighting       | 1 2 |  2.1

Action                   |  1- 3 |  4- 6 |  7- 9 || total
-------------------------+-------+-------+-------++-------
Melee: Dagger            |    69 |    87 |    44 ||   200
       Unarmed           |     3 |       |       ||     3
       Tailslap          |     7 |     9 |     4 ||    20
       Kick              |       |     1 |       ||     1
Throw: Tomahawk          |       |     3 |       ||     3
 Cast: Sting             |    57 |    52 |    50 ||   159
       Olgreb's Toxic Ra |       |     9 |     9 ||    18
Invok: Potion Petition   |       |     1 |       ||     1
  Use: Potion            |     2 |     3 |     3 ||     8
       Scroll            |       |     1 |     4 ||     5
 Stab: Sleeping          |     1 |       |       ||     1
  Eat: Meat ration       |     1 |       |     1 ||     2
       Fruit             |       |     4 |       ||     4
       Bread ration      |       |     2 |     1 ||     3
Armor: Skin              |    33 |    40 |    23 ||    96
Dodge: Dodged            |    75 |    79 |    52 ||   206
